 Dungeon Crawl Stone Soup version 0.29-a0-317-gd16b76e6b1 (webtiles) character file.

Game seed: 9312847884447229017

81 Morbidden the Ruffian (level 4, -1/42 HPs)
             Began as a Troll Warper on Apr 1, 2022.
             Slain by Jessica
             ... wielding a +0 dagger
              (4 damage)
             ... on level 3 of the Dungeon.
             The game lasted 00:01:14 (1330 turns).

Morbidden the Ruffian (Troll Warper)                Turns: 1330, Time: 00:01:15

Health: -1/42      AC:  4    Str: 19    XL:     4   Next: 20%
Magic:  5/5        EV: 10    Int: 11    God:
Gold:   75         SH:  0    Dex:  9    Spells: 6/6 levels left

rFire   . . .      SeeInvis .     - Unarmed
rCold   . . .      Faith    .   (no shield)
rNeg    . . .      Spirit   .   a - +0 robe
rPois   .          Reflect  .   (helmet restricted)
rElec   .          Harm     .   (no cloak)
rCorr   .          Rampage  .   (gloves unavailable)
Will    .....                   (boots unavailable)
Stlth   +.........              (no amulet)
HPRegen 0.94/turn               (no ring)
MPRegen 0.09/turn               (no ring)

@: slowed, very slow
A: large, unfitting armour, claws 3, regeneration 1, shaggy fur 1, tough skin 1
a: no special abilities


You were on level 3 of the Dungeon.
You visited 1 branch of the dungeon, and saw 3 of its levels.

You collected 75 gold pieces.

Inventory:

Missiles
 c - 7 boomerangs of dispersal
 j - 22 stones (quivered)
 n - 3 javelins
Armour
 a - a +0 robe (worn)
Scrolls
 b - a scroll of blinking
 e - 5 scrolls of identify {unknown}
 g - 3 scrolls of teleportation {unknown}
 i - 2 scrolls of fog {unknown}
 k - 2 scrolls of noise {unknown}
 o - a scroll of immolation {unknown}
Potions
 d - a potion of curing {unknown}
 f - a potion of berserk rage {unknown}
 h - a potion of ambrosia {unknown}
 l - a potion of degeneration {unknown}
 m - a potion of flight {unknown}
 p - a potion of invisibility {unknown}


   Skills:
 * Level 1.7 Fighting
 + Level 1.0 Throwing
 * Level 2.7 Dodging
 * Level 2.8 Unarmed Combat
 * Level 1.6 Spellcasting
 * Level 2.4 Translocations


You had 6 spell levels left.
You didn't know any spells.
Your spell library contained the following spells:

 Spells                   Type           Power      Damage    Failure   Level
 Blink                    Tloc           12%        N/A       17%         2
 Pain                     Necr           0%         1d4       30%         1
 Gell's Gravitas          Tloc           6%         N/A       32%         3
 Lesser Beckoning         Tloc           6%         N/A       32%         3
 Teleport Other           Tloc           6%         N/A       32%         3
 Manifold Assault         Tloc           6%         N/A       97%         5
 Agony                    Necr           0%         N/A       100%        5
 Excruciating Wounds      Necr           0%         N/A       100%        5


Dungeon Overview and Level Annotations

Branches:
Dungeon (3/15)

Altars:
Hepliaklqana

Annotations:
D:3 Jessica


Innate Abilities, Weirdness & Mutations

You are too large for most types of armour.
You have claws for hands.
Your natural rate of healing is unusually fast.
You are covered in fur. (AC +1)
You have tough skin. (AC +1)


Message History

Press: ? - help, Q - select action, (/) - cycle Shift-Dir - straight line, f - Jessica
Aim: Jessica, wielding a +0 dagger and wearing a +0 robe (52% to hit)
You throw a stone.
The stone hits Jessica but does no damage.
Unknown command.
Throw: 24 stones
Press: ? - help, Q - select action, (/) - cycle Shift-Dir - straight line, f/p - Jessica
Aim: Jessica, wielding a +0 dagger and wearing a +0 robe (52% to hit)
You throw a stone. The stone hits Jessica.
Jessica is lightly wounded.
Jessica mumbles some strange words.
Jessica seems to speed up.
You claw Jessica!
Jessica is almost dead.
Jessica casts a spell.
Jessica blinks!
Unknown command.
Unknown command.
Throw: 23 stones
Press: ? - help, Q - select action, (/) - cycle Shift-Dir - straight line, f/p - Jessica
Aim: Jessica, wielding a +0 dagger and wearing a +0 robe (almost dead, fast, 52% to hit)
You throw a stone. The stone hits Jessica.
Jessica is almost dead.
Jessica hits you with a +0 dagger.
* * * LOW HITPOINT WARNING * * *
Jessica misses you.
Unknown command.
You scratch Jessica but do no damage.
Jessica is almost dead.
Jessica hits you with a +0 dagger.
* * * LOW HITPOINT WARNING * * *
Jessica hits you with a +0 dagger.
* * * LOW HITPOINT WARNING * * *
Unknown command.
You barely miss Jessica.
Jessica is severely wounded.
Jessica hits you with a +0 dagger.
* * * LOW HITPOINT WARNING * * *
Jessica hits you with a +0 dagger.
You die...

###......
.......# >..$..#
.....# .....#
..(..##.#
#.#(....# #.#†#
###.#@# #....@#
# #.#.#(#####.
#.##.#..........
#.#....#.#####..
#........#
###....###
##.#.###
#.....####


You could see Jessica (fast).

Vanquished Creatures
  Natasha (D:3)
  2 adders
  A dart slug (D:2)
  An orc (D:3)
  3 endoplasms
  2 giant cockroaches
  4 hobgoblins
  6 jackals
  2 quokkas
  A ball python (D:3)
  6 bats
  2 frilled lizards
  3 rats (D:1)
34 creatures vanquished.

Notes
Turn   | Place    | Note
-------+----------+-------------------------------------------
     0 | D:1      | Morbidden the Troll Warper began the quest for the Orb.
     0 | D:1      | Reached XP level 1. HP: 19/19 MP: 1/1
   181 | D:1      | Reached XP level 2. HP: 16/27 MP: 3/3
   634 | D:2      | Reached skill level 1 in Throwing
   758 | D:2      | Reached XP level 3. HP: 35/35 MP: 4/4
   802 | D:2      | Found a hazy altar of Hepliaklqana.
  1303 | D:3      | Noticed Jessica
  1306 | D:3      | Noticed Natasha
  1324 | D:3      | Killed Natasha
  1325 | D:3      | Reached XP level 4. HP: 12/42 MP: 5/5
  1330 | D:3      | Slain by Jessica

Illustrated notes

Levels and vault maps discovered:
D:1:      lemuel_arrival_tunnels, layout_basic,
          nicolae_concentric_dashed_squares_mild, minmay_misc_feat_enclosed
D:2:      layout_loops_ring, basic_altar
D:3:      layout_loops_ring, nrook_mini_vaults, minmay_misc_feat_tiny,
          uniq_ijyb, uniq_jessica, uniq_grinder, uniq_natasha,
          uniq_crazy_yiuf_cottage

Skill      XL: |  1  2 |
---------------+-------+-----
Dodging        | 2 |  2.7
Throwing       | 1 |  1.0
Fighting       | |  1.7
Unarmed Combat | |  2.8
Spellcasting   | |  1.6
Translocations | |  2.4

Action                   |  1- 3 |  4- 6 || total
-------------------------+-------+-------++-------
Melee: Unarmed           |    98 |     3 ||   101
       Punch             |     1 |       ||     1
Throw: Stone             |     6 |     3 ||     9
Armor: Robe              |    37 |       ||    37
Dodge: Dodged            |    49 |     1 ||    50

Table legend: (Time is in decaauts)
 A = Elapsed time spent in this place.
 B = Non-inter-level travel time spent in this place.
 C = Inter-level travel time spent in this place.
 D = Time resting spent in this place.
 E = Time spent auto-exploring this place.
 F = Levels seen in this place.
 G = Mean time per level.
                   A        B        C        D        E       F      G
               +--------+--------+--------+--------+--------+-----+--------+
         Total |   1330 |   1271 |     59 |      0 |   1047 |   3 |  443.3 |
       Dungeon |   1330 |   1271 |     59 |      0 |   1047 |   3 |  443.3 |
               +--------+--------+--------+--------+--------+-----+--------+

Top non-repeatable levels by time:
     D:2: 660 daAuts
     D:1: 622 daAuts
     D:3: 47 daAuts
